 Dungeon Crawl Stone Soup version 0.17.1-3-g152610e (webtiles) character file.

751833 CcS the Sorcerer (level 27, -13/173 HPs)
             Began as a Deep Elf Conjurer on Mar 25, 2016.
             Was the Champion of Vehumet.
             Killed from afar by a hellion (33 damage)
             ... with a burst of hellfire
             ... in Pandemonium on Mar 26, 2016.
             The game lasted 06:16:19 (106221 turns).

CcS the Sorcerer (Deep Elf Conjurer)              Turns: 106221, Time: 06:16:19

Health: -13/173    AC: 14    Str:  4    XL:     27
Magic:  6/65       EV: 34    Int: 35    God:    Vehumet [******]
Gold:   1581       SH:  3    Dex: 18    Spells: 13 memorised, 5 levels left

rFire  + . .     SeeInvis +     F - staff of power {MP+17, !a}
rCold  . . .     Clarity  .     N - +2 robe {Archmagi}
rNeg   . . .     SustAt   .     b - -2 buckler (curse)
rPois  .         Gourm    +     W - +2 hat {SInv}
rElec  .         Spirit   .     D - +2 cloak "Plog" {+Blink MR+ Stlth+}
rCorr  .         Warding  .     A - +1 pair of gloves {Dex+3}
rMut   .         Stasis   .     d - +2 pair of boots "Qutew" {Regen+}
MR     +++..                    g - amulet of the gourmand {Gourm, !d}
Stlth  +++++.....               j - ring of protection from fire {rF+, !d}
                                O - ring of Shaolin {EV+8}

@: about to teleport, very slightly contaminated, deflect missiles, drained,
extremely resistant to hostile enchantments, quite stealthy
A: subdued magic 1
a: Renounce Religion, Evoke Blink
}: 6/15 runes: decaying, serpentine, slimy, silver, abyssal, demonic


You were in Pandemonium.
You worshipped Vehumet.
Vehumet was exalted by your worship.
You were hungry.

You visited 12 branches of the dungeon, and saw 59 of its levels.
You visited Pandemonium 1 time, and saw 16 of its levels.
You visited the Abyss 1 time.
You also visited: Bailey and Wizlab.

You collected 8874 gold pieces.
You spent 6476 gold pieces at shops.

Inventory:

Armour
 b - a cursed -2 buckler (worn)
   (You found it in Pandemonium)
 d - the +2 pair of boots "Qutew" (worn) {Regen+}
   (You found it on level 7 of the Dungeon)

   It increases your rate of regeneration.
 e - a +3 buckler of protection
   (You took it off a tengu reaver on level 5 of the Vaults)
 A - a +1 pair of gloves of dexterity (worn)
   (You bought it in a shop on level 15 of the Dungeon)
 D - the +2 cloak "Plog" (worn) {+Blink MR+ Stlth+}
   (You found it on level 5 of the Vaults)

   It affects your resistance to hostile enchantments.
   It lets you blink.
   It makes you more stealthy.
 N - a +2 robe of the Archmagi (worn)
   (You took it off Erica on level 11 of the Dungeon)
 W - a +2 hat of see invisible (worn)
   (You acquired it on level 1 of the Elven Halls)
Magical Staves
 a - an uncursed staff of air {rElec}
   (You found it in a wizard's laboratory)
 B - an uncursed staff of cold {rC+}
   (You found it on level 3 of the Elven Halls)
 F - an uncursed staff of power (weapon) {MP+17, !a}
   (You found it on level 5 of the Vaults)
 H - an uncursed staff of conjuration {!a}
   (You found it on level 6 of the Pits of Slime)
Jewellery
 g - an amulet of the gourmand (around neck) {Gourm, !d}
   (You found it on level 3 of the Elven Halls)
 i - an uncursed ring of teleportation {+/*tele, !d}
   (You found it on level 5 of the Dungeon)
 j - a ring of protection from fire (right hand) {rF+, !d}
   (You found it on level 3 of the Elven Halls)
 l - the ring "Wulouq" {Fire +Fly rPois rN+}
   (You found it on level 6 of the Pits of Slime)

   [ring of fire]

   It enhances your fire magic, and weakens your ice magic.
   It protects you from fire.
   It makes you vulnerable to cold.
   It protects you from poison.
   It protects you from negative energy.
   It lets you fly.
 q - an uncursed amulet of resist mutation {rMut, !d}
   (You took it off a deep elf mage on level 2 of the Elven Halls)
 t - the ring "Azouwn" {SustAt rN+ Str+3 Dex-4}
   (You took it off a hell knight on level 4 of the Depths)

   [ring of sustain attributes]

   It sustains your strength, intelligence and dexterity.
   It affects your strength (+3).
   It affects your dexterity (-4).
   It protects you from negative energy.
 x - the ring "Xem Mifie" {rElec rPois rC- rN+ Slay-4}
   (You took it off a death knight on level 3 of the Crypt)

   [ring of positive energy]

   It affects your accuracy and damage with ranged weapons and melee attacks
   (-4).
   It makes you vulnerable to cold.
   It insulates you from electricity.
   It protects you from poison.
   It protects you from negative energy.
 z - an uncursed amulet of resist corrosion {rCorr, !d}
   (You took it off a deep elf sorcerer on level 3 of the Elven Halls)
 C - an uncursed amulet of stasis {Stasis, !d}
   (You found it on level 6 of the Dungeon)
 M - an uncursed amulet of clarity {Clar, !d}
   (You found it in a wizard's laboratory)
 O - the ring of Shaolin (left hand) {EV+8}
   (You bought it in a shop on level 4 of the Orcish Mines)

   [ring of evasion]

   It affects your evasion (+8).
 P - an uncursed ring of protection from magic {MR+, !d}
   (You found it on level 3 of the Lair of Beasts)
 X - an uncursed ring of protection from cold {rC+, !d}
   (You took it off an orc wizard on level 4 of the Vaults)
Wands
 K - a wand of hasting (3)
   (You acquired it on level 2 of the Snake Pit)
 R - a wand of teleportation (2)
   (You found it on level 3 of the Elven Halls)
 V - a wand of disintegration (13)
   (You found it on level 7 of the Lair of Beasts)
 Y - a wand of digging (7)
   (You found it on level 13 of the Dungeon)
Scrolls
 k - 3 scrolls of silence
 n - 3 scrolls of immolation {!r}
 r - 6 scrolls of recharging
 v - a scroll of summoning
 w - a scroll of fog
 S - 5 scrolls of identify
 U - 6 scrolls of fear
 Z - 6 scrolls of magic mapping {!r}
Potions
 f - 2 potions of resistance
 h - 11 potions of curing
 m - 2 potions of brilliance
 o - 7 potions of flight
 p - 3 potions of invisibility
 s - 5 potions of cure mutation {!q}
Books
 u - a Necronomicon
   (You acquired it on level 15 of the Dungeon)
 I - a book of the Sky
   (You found it in Pandemonium)
Miscellaneous
 y - a phial of floods
   (You found it on level 3 of the Crypt)
 E - a lamp of fire (inert)
   (You found it on level 6 of the Pits of Slime)
 J - an ornate deck of wonders {Wild Magic, drawn: 3}
   (You found it on level 11 of the Dungeon)
 L - a legendary deck of changes {the Shadow, drawn: 6}
   (You found it on level 4 of the Snake Pit)
Comestibles
 c - 35 bread rations {@e1}
 G - 6 beef jerkies


   Skills:
 - Level 18.0(17.9) Fighting
 - Level 12.0(11.9) Staves
 - Level 17.0(16.9) Dodging
 - Level 6.6(6.5) Stealth
 - Level 4.3 Shields
 - Level 21.8(21.7) Spellcasting
 - Level 21.4(21.3) Conjurations
 - Level 10.0(9.9) Charms
 + Level 18.2(18.1) Necromancy
 - Level 6.6(6.5) Translocations
 + Level 16.3 Transmutations
 - Level 20.9(20.8) Ice Magic
 - Level 9.2 Air Magic
 - Level 21.5 Earth Magic
 - Level 8.7 Evocations


You had 5 spell levels left.
You knew the following spells:

 Your Spells              Type           Power        Failure   Level  Hunger
a - Iron Shot             Conj/Erth      ########..   0%          6    None
b - Shatter               Erth           ########..   1%          9    #####..
c - Sublimation of Blood  Necr           ########..   0%          2    None
d - Metabolic Englaciati  Hex/Ice        #######...   1%          5    None
e - Throw Icicle          Conj/Ice       ########     0%          4    None
f - Necromutation         Trmt/Necr      ########..   1%          8    ###....
g - Glaciate              Conj/Ice       ########..   1%          9    #####..
h - Bolt of Cold          Conj/Ice       ########..   0%          6    None
i - Apportation           Tloc           ######....   0%          1    None
q - Ozocubu's Armour      Chrm/Ice       #######.     0%          3    None
r - Blink                 Tloc           N/A          0%          2    None
t - Deflect Missiles      Chrm/Air       #######...   1%          6    None
w - Regeneration          Chrm/Necr      #######...   0%          3    None


Dungeon Overview and Level Annotations

Branches:
Dungeon (15/15)            Temple (1/1) D:4            Lair (8/8) D:10
  Swamp (4/4) Lair:4        Snake (4/4) Lair:4        Slime (6/6) Lair:6
    Orc (4/4) D:12            Elf (3/3) Orc:3        Vaults (5/5) D:13
  Crypt (3/3) Vaults:2       Tomb (0/3) Crypt:3      Depths (5/5) D:15
   Hell (1/1)                 Dis (0/7) Hell            Geh (0/7) Hell
    Coc (0/7) Hell            Tar (0/7) Hell            Zot (0/5) Depths:5

Altars:
Ashenzari
Cheibriados
Dithmenos
Elyvilon
Fedhas
Gozag
Kikubaaqudgha
Makhleb
Nemelex Xobeh
Okawaru
Qazlal
Ru
Sif Muna
Trog
Vehumet
Xom
Yredelemnul
Zin
The Shining One
Beogh

Shops:
D:15 }***   Orc:4 ((=:   Vaults:1 *   Depths:2 (

Portals:
Hell: Depths:1 Depths:2 Depths:3 Depths:4 Depths:5
Abyss: Depths:4
Pandemonium: Depths:3 Depths:4 Depths:5
Ziggurat: Depths:5

Annotations:
D:3 Execuda's ghost, amateur GrBe
D:4 Kabixx's ghost, novice FoFi
Slime:5 exclusion: 2 jellies
Elf:2 3 runed doors
Vaults:1 exclusion: downstairs
Vaults:5 1 exclusion
Crypt:3 3 exclusions
Depths:2 1 runed door
Depths:3 Starve's ghost, master CeSk


Innate Abilities, Weirdness & Mutations

Your spells are a little easier to cast, but a little less powerful.


Message History

The Executioner hits your fire elemental!
You regained 2 hp, and now have 160/173 hp.
Unknown command.
The Executioner misses your fire elemental.
The Executioner hits your fire elemental but does no damage.
The Executioner closely misses your fire elemental.
The Executioner hits your fire elemental. x3
Your fire elemental hits the Executioner.
Your fire elemental burns the Executioner!
The Executioner resists.
The Executioner dies!
Vehumet accepts your kill.
You regained 2 hp, and now have 162/173 hp.
Unknown command.
The Shadow Fiend gestures at you.
You hear a sizzling sound!
You regained 2 hp, and now have 164/173 hp.
Unknown command.
What do you say? t - Shout!
Orders for allies: a - Attack new target. r - Retreat! s - Stop attacking. w - Wait here. f - Follow me.
Anything else - Stay silent.
Gang up on whom?
Aim: a Shadow Fiend Attack!
The Shadow Fiend hits your fire elemental.
The Shadow Fiend closely misses your fire elemental.
The Shadow Fiend hits your fire elemental!
Your fire elemental is destroyed!
You regained 2 hp, and now have 167/173 hp.
You regained 2 hp, and now have 169/173 hp.
You regained 2 hp, and now have 171/173 hp.
Health restored: 173 Your skin is crawling a little less now.
You start resting.
You regained 2 mp, and now have 9/65 mp.
Unknown command.
Your skin stops crawling.
You start resting.
Unknown command.
The Shadow Fiend closely misses your fire elemental.
The Shadow Fiend misses your fire elemental.
The Shadow Fiend closely misses your fire elemental.
Your fire elemental hits the Shadow Fiend.
Your fire elemental burns the Shadow Fiend!
The Shadow Fiend hits your fire elemental! x3
Your fire elemental is destroyed!
Aim: a Shadow Fiend (lightly wounded)
You feel a surge of power!
You conjure a mighty blast of ice!
The great icy blast engulfs the Shadow Fiend.
The Shadow Fiend partially resists.
The Shadow Fiend is flash-frozen.
You hear a bellow!
You hear a roar!
You hear a roar!
You hear a roar!
You hear a screech!
The Shadow Fiend is engulfed in freezing vapours.
The Shadow Fiend calls on the powers of darkness!
Your body is wracked with pain!
You take 85 damage, and have 88/173 hp.
MASSIVE DAMAGE!!
You now have 2/65 mp.
The Shadow Fiend gestures at you. The bolt of negative energy misses you.
Unknown command.
The Shadow Fiend calls on the powers of darkness!
Your body is wracked with pain!
* * * LOW HITPOINT WARNING * * *
You take 43 damage, and have 46/173 hp.
MASSIVE DAMAGE!!
You feel strangely unstable.
This wand has 3 charges left.
The Shadow Fiend is engulfed in freezing vapours.
Unknown command.
The Shadow Fiend is engulfed in freezing vapours.
Unknown command.
The Shadow Fiend is engulfed in freezing vapours.
Unknown command.
Your surroundings suddenly seem different.
The hellion gestures at you.
The hellfire explodes!
The burst of hellfire engulfs you!
* * * LOW HITPOINT WARNING * * *
A Hell Sentinel comes into view.
The Hell Sentinel roars!
You hear a bellow!
The heat melts your icy armour.
Found a gate leading to another region of Pandemonium.
You take 14 damage, and have 35/173 hp.
You feel strangely unstable.
This wand has 2 charges left.
The Hell Sentinel gestures at you.
The hellfire explodes!
The blast of hellfire engulfs you!
Your icy armour melts away.
* * * LOW HITPOINT WARNING * * *
The blast of hellfire engulfs the Hell Sentinel.
The Hell Sentinel completely resists.
You take 21 damage, and have 14/173 hp.
Drink which item? (? for menu, Esc to quit)
You feel better. The hellion gestures at you.
The hellfire explodes!
The burst of hellfire engulfs you!
You die...

.................................
.3....#########..#########..#####
....3.# #..# #..# ......# #..#
#.$# ....[.#
######..#########..#### .......
.....2................. ........
.∩..................... #..######
###.1#########..### #.. #@.# ..#
#..# ..# #..#########..####
.................. ....
...........})..... #..#
..########..####### #..# .. #..#
#..####### #..########..#######
.......... ......1..........


You could see a Hell Sentinel and a hellion.

Vanquished Creatures
  the royal jelly (Slime:6)
  The ghost of Starve the Phalangite, a master CeSk of Makhleb (Depths:5)
  An ancient lich (Vaults:5)
  Mennas (Vaults:5)
  A juggernaut (Depths:5)
  A greater mummy (Crypt:2)
  Boris (Vaults:2)
  Margery (Depths:4)
  Saint Roka (Orc:4)
  2 caustic shrikes
  Geryon (Hell)
  6 golden dragons
  A bone dragon (Abyss:3)
  2 Brimstone Fiends (Pan)
  5 liches
  3 Hell Sentinels (Pan)
  6 tentacled monstrosities
  5 Ice Fiends (Pan)
  2 deep elf master archers (Elf:3)
  A moon troll (WizLab)
  3 Shadow Fiends (Pan)
  3 quicksilver dragons
  3 titans
  2 deep elf blademasters (Elf:3)
  5 Executioners (Pan)
  6 ancient champions
  7 tentacled starspawn
  20 acid blobs
  5 sphinxes
  3 octopode crushers
  Agnes (Snake:1)
  3 thorn hunters
  8 shadow dragons
  A revenant (Crypt:3)
  Kirke (Swamp:2)
  5 storm dragons
  11 tengu reavers
  Roxanne (Swamp:2)
  14 fire giants
  4 blood saints (Pan)
  8 greater nagas
  Wiglaf (Snake:4)
  A ghost moth (shapeshifter) (Depths:5)
  12 chaos champions (Pan)
  10 daevas (Pan)
  Donald (Orc:4)
  11 azure jellies
  16 vault wardens
  3 iron dragons
  Maud (Lair:3)
  8 frost giants
  6 deep elf sorcerers
  10 ghouls
  A curse skull (Crypt:1)
  5 balrugs
  11 very ugly things
  4 pandemonium lords (Pan)
  8 warmongers (Pan)
  15 ironheart preservers
  10 angels (Pan)
  5 cacodemons
  2 spriggan defenders (Depths:3)
  8 vampire knights
  32 stone giants
  10 war gargoyles
  6 reapers
  7 ophanim (Pan)
  4 apis (Pan)
  A salamander firebrand (Depths:5)
  3 black draconians (Depths:5)
  4 corrupters (Pan)
  11 black suns (Pan)
  11 deep elf demonologists
  4 lorocyprocas (Pan)
  7 deep elf annihilators
  4 mottled draconians (Depths:5)
  2 salamander stormcallers
  11 blizzard demons
  Snorg (Lair:3)
  30 vault guards
  7 deep elf death magi
  13 ettins
  6 eidola
  8 jiangshi
  2 quicksilver dragon zombies
  2 great orbs of eyes (shapeshifter) (Abyss:3)
  2 rakshasas
  8 fire dragons
  A merfolk impaler (Depths:4)
  4 crystal guardians (Abyss:3)
  8 death oozes (Slime:6)
  15 yaktaur captains
  5 green deaths (Pan)
  28 hydras
  6 deep elf high priests
  5 entropy weavers
  2 ice dragons (shapeshifter)
  16 great orbs of eyes
  9 ice dragons
  Harold (Lair:2)
  10 anacondas
  2 ghost crabs
  4 hell beasts
  12 naga warriors
  9 monstrous demonspawn (Pan)
  4 spriggan air magi
  Erica (D:11)
  7 centaur warriors
  14 ogre magi
  2 death knights
  5 dancing weapons
  7 deep troll shamans
  7 tengu warriors
  4 death yaks
  A satyr (shapeshifter) (Depths:3)
  11 alligators
  A titan zombie (Crypt:3)
  9 deep troll earth magi
  6 hell hogs
  A spriggan berserker (Depths:4)
  Urug (Lair:2)
  7 thrashing horrors (Abyss:3)
  A storm dragon zombie (Crypt:3)
  19 sun demons
  11 vampire magi
  11 naga sharpshooters
  Nergalle (D:11)
  An orc high priest (Orc:3)
  3 spriggans
  3 iron trolls
  2 iron golems
  13 deep elf knights
  2 fire crabs
  7 shock serpents
  26 soul eaters
  A wretched star (Abyss:3)
  56 skeletal warriors
  A shadow wraith (Vaults:5)
  8 hell knights
  2 salamander mystics
  20 ice devils
  2 storm dragon skeletons
  2 golden dragon zombies
  4 sea snakes (Snake:4)
  4 unseen horrors
  An anaconda zombie (Hell)
  6 naga ritualists
  7 hill giants
  An orange crystal statue (WizLab)
  A ghost moth zombie (Crypt:3)
  7 infernal demonspawn (Pan)
  6 putrid demonspawn (Pan)
  5 cherubim (Pan)
  8 deep elf summoners
  8 gelid demonspawn
  38 deep trolls
  5 flayed ghosts
  A sea snake (shapeshifter) (D:15)
  4 shambling mangroves
  10 swamp dragons
  An obsidian statue (Depths:1)
  12 giant orange brains
  12 torturous demonspawn
  13 starcursed masses
  18 ironbrand convokers
  A golden dragon skeleton (Depths:1)
  32 phantasmal warriors
  2 wolf spider zombies (Crypt:3)
  An anaconda skeleton (Hell)
  An iron dragon zombie (Crypt:2)
  4 harpies (Vaults:1)
  9 shining eyes
  3 hornets
  8 shadow demons (Pan)
  A shadow dragon zombie (Crypt:3)
  14 mana vipers
  30 orc knights
  6 necromancers
  2 wizards
  33 ugly things
  A faun (shapeshifter) (Vaults:5)
  17 salamanders
  3 orc sorcerers
  A cyclops (shapeshifter) (D:15)
  3 human zombies
  An orb spider (shapeshifter) (Depths:1)
  2 frost giant zombies (Crypt:2)
  18 deep elf conjurers
  6 oklob plants
  2 stone giant zombies
  2 guardian serpents (shapeshifter) (Abyss:3)
  7 griffons
  A manticore (D:13)
  A shining eye (shapeshifter) (Vaults:5)
  3 sixfirhies (Pan)
  20 elephants
  16 rust devils
  A salamander (shapeshifter) (Vaults:3)
  3 cyclopes
  Maurice (D:9)
  A stone giant skeleton (Depths:1)
  A dire elephant zombie (Crypt:2)
  9 centaur skeletons
  15 vault sentinels
  An eye of devastation (shapeshifter) (Vaults:5)
  14 naga magi
  An apocalypse crab (Abyss:3)
  64 black mambas
  7 guardian serpents
  19 spiny frogs
  19 smoke demons
  A yaktaur zombie (Vaults:3)
  A gargoyle (D:15)
  3 kobold demonologists
  9 orange demons
  7 eyes of devastation
  A molten gargoyle (Hell)
  An emperor scorpion zombie (Crypt:2)
  A death yak zombie (Crypt:1)
  A yellow draconian zombie (Crypt:1)
  73 yaktaurs
  A hellwing (Depths:1)
  5 guardian mummies
  5 hellions
  3 tengu conjurers
  2 efreet
  13 demonic crawlers (Pan)
  11 deep elf priests
  8 fire drakes
  8 tormentors
  A minotaur zombie (Crypt:2)
  17 red devils
  A purple draconian skeleton (Crypt:1)
  A yaktaur skeleton (Vaults:2)
  2 hydra zombies
  An anaconda simulacrum (Hell)
  A jumping spider (Depths:4)
  6 komodo dragons
  5 freezing wraiths
  11 trolls
  A tengu simulacrum (Vaults:3)
  11 giant leeches
  A harpy skeleton (Crypt:3)
  2 ancient zymes (Abyss:3)
  Grinder (D:6)
  29 two-headed ogres
  7 boulder beetles
  8 bog bodies
  9 blue devils (Pan)
  A hydra skeleton (Hell)
  85 slime creatures
  8 raiju (Abyss:3)
  A guardian serpent zombie (Crypt:1)
  A two-headed ogre (shapeshifter) (Vaults:2)
  A trapdoor spider (shapeshifter) (D:13)
  2 alligator zombies (Hell)
  An ettin zombie (Vaults:3)
  A raiju (shapeshifter) (D:15)
  3 air elementals (Depths:2)
  2 tarantellas (Depths:4)
  A stone giant simulacrum (Vaults:3)
  A deep troll skeleton (Depths:1)
  4 small abominations (Abyss:3)
  A centaur simulacrum (D:14)
  11 redbacks
  26 blink frogs
  8 fire elementals
  2 shadows
  A spriggan skeleton (Depths:1)
  2 black mamba zombies
  7 water elementals
  11 wraiths
  44 yaks
  A yak (shapeshifter) (Vaults:3)
  21 ynoxinuls
  6 flying skulls (Crypt:2)
  12 vampires
  Eustachio (D:6)
  A basilisk (Lair:7)
  30 deep elf magi
  30 deep elf fighters
  A golden eye (shapeshifter) (Depths:4)
  3 wyverns
  A human (Swamp:2)
  A wolf (shapeshifter) (Depths:3)
  5 hippogriffs
  4 hungry ghosts
  4 hogs
  A basilisk (shapeshifter) (Elf:3)
  40 vampire mosquitoes
  3 wolves (Lair:3)
  21 chaos spawn
  19 neqoxecs
  53 nagas
  A water nymph zombie (Crypt:2)
  6 hell hounds
  15 large abominations
  A hippogriff (shapeshifter) (Vaults:3)
  A tengu zombie (Depths:1)
  12 porcupines
  13 insubstantial wisps
  15 swamp worms
  2 spiny frog zombies
  A black bear (D:11)
  3 ice beasts
  24 water moccasins
  2 phantoms
  A monstrous demonspawn skeleton (Crypt:3)
  A swamp dragon zombie (Crypt:2)
  22 wargs
  5 sky beasts
  2 spiny frog skeletons
  3 necrophages
  A snapping turtle zombie (Crypt:3)
  A manticore zombie (Crypt:3)
  13 swamp drakes
  14 wasps
  A hornet simulacrum (D:15)
  An orc zombie (Vaults:2)
  An elf skeleton (Vaults:3)
  5 eyes of draining
  An eye of draining (shapeshifter) (D:15)
  16 centaurs
  65 orc warriors
  7 boggarts
  58 ogres
  A crocodile (shapeshifter) (Depths:3)
  A hog skeleton (Crypt:1)
  15 crocodiles
  10 big kobolds
  Blork the orc (D:6)
  A dryad zombie (Crypt:2)
  28 giant frogs
  A wyvern zombie (D:9)
  A wyvern skeleton (D:10)
  A glowing shapeshifter simulacrum (Vaults:1)
  15 wights
  5 killer bees
  3 scorpions
  A queen bee zombie (Crypt:2)
  2 quasits
  7 electric eels
  13 hounds
  A human simulacrum (Vaults:2)
  A wolf skeleton (Crypt:1)
  3 centaur zombies
  40 orc priests
  13 crimson imps
  A giant frog skeleton (D:4)
  An iron imp (Abyss:2)
  30 jellies
  A gnoll shaman (D:6)
  43 orc wizards
  Jessica (D:2)
  13 iguanas
  Terence (D:2)
  12 worker ants
  4 killer bee zombies
  A naga zombie (Crypt:3)
  An ogre zombie (Crypt:3)
  10 sheep
  A boulder beetle simulacrum (Vaults:1)
  A deep dwarf skeleton (Crypt:3)
  A felid zombie (Crypt:1)
  A demigod skeleton (Crypt:3)
  A hound skeleton (D:4)
  6 mummies
  Robin (D:2)
  20 adders
  2 worker ant zombies (D:5)
  65 river rats
  22 gnolls
  8 shadow imps
  3 oozes
  2 ufetubi
  An adder zombie (D:5)
  A halfling skeleton (Crypt:1)
  3 worms
  7 giant geckos
  237 orcs
  3 ball pythons
  12 giant cockroaches
  47 goblins
  40 hobgoblins
  14 jackals
  4 quokkas
  A ball python skeleton (Crypt:2)
  7 bats
  2 giant gecko zombies (D:5)
  A giant newt (D:2)
  15 kobolds
  7 rats
  16 blocks of ice
  A bush (Abyss:3)
  5 fungi
  2 lost souls
  4 plants
  9 starspawn tentacles
3420 creatures vanquished.

Vanquished Creatures (collateral kills)
  An Executioner (Pan)
  An alligator (Swamp:4)
  A skeletal warrior (Vaults:1)
  A cherub (Pan)
  8 slime creatures
  An ogre (Vaults:5)
13 creatures vanquished.

Vanquished Creatures (others)
  Nikola (Swamp:2)
  A hydra (Swamp:4)
  An ice dragon (D:15)
  A torturous demonspawn (Vaults:5)
  A big kobold (Swamp:3)
  A human (Swamp:2)
  A shadow imp (Depths:1)
  238 blocks of ice
  20 fungi
  2 lost souls
  57 plants
  9 starspawn tentacles
  48 starspawn tentacle segments (WizLab)
381 creatures vanquished.

Grand Total: 3814 creatures vanquished

Notes
Turn   | Place    | Note
--------------------------------------------------------------
     0 | D:1      | CcS the Deep Elf Conjurer began the quest for the Orb.
     0 | D:1      | Reached XP level 1. HP: 10/10 MP: 6/6
   136 | D:1      | Reached XP level 2. HP: 15/15 MP: 4/8
   575 | D:1      | Learned a level 2 spell: Searing Ray
   791 | D:2      | Reached skill level 5 in Conjurations
   938 | D:2      | Reached XP level 3. HP: 19/19 MP: 8/10
   952 | D:2      | Noticed Robin
   960 | D:2      | Reached skill level 4 in Spellcasting
  1156 | D:2      | Noticed Jessica
  1319 | D:2      | Killed Jessica
  1319 | D:2      | Reached XP level 4. HP: 21/24 MP: 7/12
  1386 | D:2      | Noticed Terence
  1549 | D:2      | Killed Terence
  1722 | D:2      | Reached skill level 6 in Conjurations
  1743 | D:2      | Found a glowing golden altar of the Shining One.
  1797 | D:2      | Reached skill level 5 in Spellcasting
  1809 | D:2      | Found a sacrificial altar of Ru.
  1956 | D:2      | Killed Robin
  1956 | D:2      | Reached XP level 5. HP: 24/28 MP: 10/14
  2001 | D:2      | Found a faded altar to an unknown god.
  2284 | D:3      | Noticed Execuda's ghost (amateur GrBe)
  2295 | D:2      | Learned a level 5 spell: Iskenderun's Battlesphere
  2300 | D:2      | Learned a level 4 spell: Iskenderun's Mystic Blast
  2827 | D:3      | Reached skill level 1 in Charms
  2867 | D:3      | Reached skill level 2 in Charms
  2981 | D:3      | Reached XP level 6. HP: 32/32 MP: 9/15
  3379 | D:3      | Reached skill level 7 in Conjurations
  3853 | D:4      | Found a shimmering altar of Xom.
  3963 | D:4      | Found a snail-covered altar of Cheibriados.
  4042 | D:4      | Noticed Kabixx's ghost (novice FoFi)
  4068 | D:4      | Reached skill level 3 in Charms
  4222 | D:5      | Entered Level 5 of the Dungeon
  4691 | D:5      | Reached XP level 7. HP: 36/36 MP: 11/16
  4703 | D:5      | Reached skill level 8 in Conjurations
  4704 | D:5      | Reached skill level 4 in Charms
  4836 | D:5      | Noticed a hungry ghost
  4842 | D:5      | Killed a hungry ghost
  4842 | D:5      | Reached skill level 5 in Charms
  4881 | D:5      | Reached skill level 9 in Conjurations
  5439 | D:5      | HP: 5/36 [ice beast (11)]
  5494 | D:5      | Reached skill level 6 in Charms
  5494 | D:5      | Reached XP level 8. HP: 13/41 MP: 3/17
  6144 | D:6      | Reached skill level 10 in Conjurations
  6166 | D:6      | Noticed Eustachio
  6166 | D:6      | Reached skill level 7 in Charms
  6286 | D:6      | Killed Eustachio
  6286 | D:6      | Reached skill level 1 in Fighting
  6350 | D:6      | Found a glowing golden altar of the Shining One.
  6360 | D:6      | Noticed Grinder
  6361 | D:6      | Paralysed by Grinder for 3 turns
  6367 | D:6      | Killed Grinder
  6367 | D:6      | Reached skill level 2 in Fighting
  6367 | D:6      | Reached skill level 6 in Spellcasting
  6587 | D:6      | Noticed Blork the orc
  6590 | D:6      | Killed Blork the orc
  6590 | D:6      | Reached skill level 8 in Charms
  7258 | D:4      | Found a staircase to the Ecumenical Temple.
  7265 | Temple   | Entered the Ecumenical Temple
  7598 | D:6      | Reached XP level 9. HP: 49/49 MP: 14/21
  7733 | D:6      | Reached skill level 7 in Spellcasting
  7767 | D:6      | Reached skill level 3 in Fighting
  8115 | Temple   | Became a worshipper of Vehumet
  8270 | D:6      | Reached skill level 9 in Charms
  8565 | D:6      | Reached * piety under Vehumet
  8565 | D:6      | Offered knowledge of Flame Tongue by Vehumet.
  8667 | D:6      | Reached skill level 8 in Spellcasting
  9079 | D:6      | Reached ** piety under Vehumet
  9079 | D:6      | Offered knowledge of Freeze by Vehumet.
  9265 | D:6      | Reached skill level 4 in Fighting
  9426 | D:7      | Found an opulent altar of Gozag.
  9507 | D:7      | Reached skill level 10 in Charms
  9539 | D:7      | Found a shattered altar of Ashenzari.
  9630 | D:7      | Got a pair of crude boots
  9736 | D:7      | Reached skill level 9 in Spellcasting
  9817 | D:7      | Offered knowledge of Mephitic Cloud by Vehumet.
  9960 | D:7      | Found a deep blue altar of Sif Muna.
  9999 | D:7      | Reached skill level 5 in Fighting
 10147 | D:8      | Reached XP level 10. HP: 59/59 MP: 14/25
 10238 | D:8      | Reached *** piety under Vehumet
 10519 | D:8      | Offered knowledge of Throw Icicle by Vehumet.
 10521 | D:8      | Reached skill level 10 in Spellcasting
 10575 | D:8      | Found a basalt altar of Yredelemnul.
 10983 | D:9      | Reached skill level 6 in Fighting
 10988 | D:9      | Noticed Maurice
 10994 | D:9      | Killed Maurice
 11001 | D:9      | Reached skill level 11 in Spellcasting
 11170 | D:9      | Reached **** piety under Vehumet
 11235 | D:9      | Learned a level 4 spell: Throw Icicle
 11295 | D:9      | Reached skill level 3 in Dodging
 11303 | D:9      | Found a blossoming altar of Fedhas.
 11595 | D:10     | Entered Level 10 of the Dungeon
 11600 | D:10     | Reached skill level 1 in Ice Magic
 11603 | D:10     | Offered knowledge of Fireball by Vehumet.
 11721 | D:10     | Reached skill level 4 in Dodging
 11721 | D:10     | Reached skill level 2 in Ice Magic
 11997 | D:10     | Found a staircase to the Lair.
 12181 | D:10     | Reached skill level 3 in Ice Magic
 12279 | D:10     | Reached skill level 5 in Dodging
 12279 | D:10     | Reached skill level 12 in Spellcasting
 12428 | D:10     | Reached XP level 11. HP: 65/65 MP: 20/29
 13048 | Lair:1   | Entered Level 1 of the Lair of Beasts
 13172 | Lair:1   | Reached skill level 4 in Ice Magic
 13177 | Lair:1   | Reached skill level 6 in Dodging
 13529 | Lair:1   | Reached skill level 5 in Ice Magic
 13709 | Lair:1   | Reached skill level 7 in Dodging
 13879 | Lair:1   | Noticed an eight-headed hydra
 13882 | Lair:1   | Killed an eight-headed hydra
 13882 | Lair:1   | Reached skill level 6 in Ice Magic
 13882 | Lair:1   | Reached skill level 8 in Dodging
 14383 | Lair:2   | Identified the +2 pair of boots "Qutew" {Regen+} (You found it on level 7 of the Dungeon)
 14459 | Lair:2   | Noticed Urug
 14463 | Lair:2   | Killed Urug
 14509 | Lair:2   | Reached skill level 7 in Ice Magic
 14718 | Lair:2   | Reached skill level 9 in Dodging
 14721 | Lair:2   | Reached ***** piety under Vehumet
 14721 | Lair:2   | Offered knowledge of Bolt of Magma by Vehumet.
 14893 | Lair:2   | Found a shadowy altar of Dithmenos.
 15264 | Lair:2   | Found a glowing silver altar of Zin.
 15431 | Lair:2   | Noticed Harold
 15441 | Lair:2   | Killed Harold
 15441 | Lair:2   | Reached skill level 8 in Ice Magic
 15441 | Lair:2   | Reached XP level 12. HP: 71/71 MP: 4/30
 15635 | Lair:2   | Reached skill level 13 in Spellcasting
 16255 | Lair:3   | Noticed Maud
 16264 | Lair:3   | Noticed Snorg
 16297 | Lair:3   | Reached skill level 11 in Conjurations
 16570 | Lair:3   | You fall through a shaft for 2 floors!
 16984 | Lair:5   | Reached skill level 9 in Ice Magic
 17331 | Lair:5   | Noticed an anaconda
 17339 | Lair:5   | Killed an anaconda
 17342 | Lair:5   | Reached skill level 12 in Conjurations
 17810 | Lair:4   | Found a staircase to the Swamp.
 17884 | Lair:4   | Reached skill level 14 in Spellcasting
 18030 | Lair:4   | Offered knowledge of Bolt of Fire by Vehumet.
 18145 | Lair:4   | Found a staircase to the Snake Pit.
 18160 | Lair:4   | HP: 26/106 [poisoned by a black mamba]
 18165 | Lair:4   | HP: 25/106 [poisoned by a black mamba]
 18171 | Lair:4   | HP: 23/106 [poisoned by a black mamba]
 18179 | Lair:4   | HP: 24/106 [poisoned by a black mamba]
 18187 | Lair:4   | HP: 24/106 [poisoned by a black mamba]
 18418 | Lair:4   | Reached XP level 13. HP: 75/75 MP: 25/33
 18916 | Lair:3   | Killed Snorg
 18916 | Lair:3   | Reached skill level 13 in Conjurations
 18934 | Lair:3   | Killed Maud
 18934 | Lair:3   | Reached skill level 10 in Ice Magic
 19012 | Lair:3   | Noticed a six-headed hydra
 19017 | Lair:3   | Killed a six-headed hydra
 19602 | Lair:3   | Identified Olazorch Liuz's Compendium of Flight
 19610 | Lair:3   | Learned a level 6 spell: Freezing Cloud
 20086 | Lair:5   | Reached skill level 1 in Air Magic
 20295 | Lair:5   | Reached skill level 7 in Fighting
 20696 | Lair:6   | Reached skill level 2 in Air Magic
 21363 | Lair:6   | Found a staircase to the Slime Pits.
 21367 | Lair:6   | Reached skill level 15 in Spellcasting
 21367 | Lair:6   | Reached skill level 14 in Conjurations
 21367 | Lair:6   | Reached skill level 3 in Air Magic
 21620 | Lair:6   | Identified a scroll of acquirement
 21621 | Lair:6   | Got a brightly glowing cloak
 21634 | Lair:6   | Identified the +1 cloak of Motuz {-Tele Dex+5} (You acquired it on level 6 of the Lair of Beasts)
 22398 | Lair:7   | Reached skill level 4 in Air Magic
 22398 | Lair:7   | Reached XP level 14. HP: 67/83 MP: 8/35
 22789 | Lair:7   | Reached skill level 8 in Fighting
 22795 | Lair:7   | Found a shadowy altar of Dithmenos.
 23235 | Lair:7   | Offered knowledge of Orb of Destruction by Vehumet.
 23655 | Lair:6   | Reached skill level 15 in Conjurations
 23892 | Lair:7   | Reached skill level 5 in Air Magic
 24142 | Lair:8   | Entered Level 8 of the Lair of Beasts
 24634 | Lair:2   | Learned a level 9 spell: Glaciate
 24926 | D:11     | Noticed a hill giant
 24931 | D:11     | Killed a hill giant
 25119 | D:11     | Noticed Nergalle
 25125 | D:11     | Killed Nergalle
 25125 | D:11     | Reached skill level 6 in Air Magic
 25229 | D:11     | Noticed Erica
 25296 | D:11     | Killed Erica
 26133 | D:12     | Got a slimy ring mail
 26301 | D:12     | Found a staircase to the Orcish Mines.
 26371 | Orc:1    | Entered Level 1 of the Orcish Mines
 26689 | Orc:2    | Reached skill level 10 in Dodging
 26689 | Orc:2    | Reached skill level 3 in Stealth
 27034 | Orc:2    | Found a flagged portal.
 27139 | Bailey   | Entered a bailey
 27279 | Bailey   | Offered knowledge of Iron Shot by Vehumet.
 27360 | Bailey   | Reached skill level 7 in Air Magic
 27363 | Bailey   | Reached skill level 4 in Stealth
 27852 | Orc:3    | Found a roughly hewn altar of Beogh.
 28033 | Orc:3    | Reached skill level 5 in Stealth
 28233 | Orc:3    | Found a staircase to the Elven Halls.
 29266 | Orc:4    | Entered Level 4 of the Orcish Mines
 29306 | Orc:4    | Offered knowledge of Spellforged Servitor by Vehumet.
 29544 | Orc:4    | Noticed Saint Roka
 29551 | Orc:4    | Killed Saint Roka
 29551 | Orc:4    | Reached XP level 15. HP: 69/89 MP: 7/36
 29553 | Orc:4    | Found Quxaunoph's Antique Weapon Shop.
 29566 | Orc:4    | Reached skill level 11 in Dodging
 29566 | Orc:4    | Reached skill level 6 in Stealth
 29604 | Orc:4    | HP: 12/89 [orc warrior/halberd (14)]
 29742 | Orc:4    | Reached skill level 8 in Air Magic
 29767 | Orc:4    | Found Gocat's Antique Weapon Shoppe.
 29907 | Orc:4    | Found a roughly hewn altar of Beogh.
 30145 | Orc:4    | Noticed Donald
 30156 | Orc:4    | Killed Donald
 30414 | Orc:4    | Offered knowledge of Bolt of Cold by Vehumet.
 30567 | Orc:4    | Learned a level 6 spell: Bolt of Cold
 30675 | Orc:4    | Found Barghy's Book Shoppe.
 30675 | Orc:4    | Found Vezxutip's Jewellery Shop.
 30843 | Orc:4    | Bought the ring of Shaolin {EV+8} for 1536 gold pieces
 30850 | Orc:4    | Torax: .17?
 30854 | Orc:4    | CcS: y
 30854 | Orc:4    | CcS: hm man of fighting first?
 30854 | Orc:4    | CcS: :\*>*
 30856 | Orc:4    | Torax: Glaciate O_o
 30857 | Orc:4    | Torax: xL15
 30858 | Orc:4    | CcS: xd
 30858 | Orc:4    | Torax: Ice
 30858 | Orc:4    | Torax: prkl
 30858 | Orc:4    | CcS: hm roger :D
 31056 | D:13     | Torax: Unrand robe?
 31095 | D:13     | CcS: robe of archmagi
 31095 | D:13     | Torax: ok
 31197 | D:13     | Reached skill level 12 in Dodging
 31241 | D:13     | Reached skill level 9 in Air Magic
 31418 | D:13     | Found a gate to the Vaults.
 31792 | Orc:4    | Bought a manual of Ice Magic for 1214 gold pieces
 32136 | D:13     | Reached ****** piety under Vehumet
 32593 | D:14     | Reached skill level 9 in Fighting
 33171 | D:15     | Entered Level 15 of the Dungeon
 33203 | D:15     | Reached skill level 11 in Ice Magic
 33224 | D:15     | Found Eclo's Assorted Antiques.
 33230 | D:15     | Bought a scroll of teleportation for 69 gold pieces
 33309 | D:15     | Found Poqo's Assorted Antiques.
 33572 | D:15     | Found Yrupnar's General Store.
 33636 | D:15     | Offered knowledge of Conjure Ball Lightning by Vehumet.
 33659 | D:15     | Found Goudwe's Gadget Emporium.
 33826 | D:15     | CcS: time to forget dart?
 33837 | D:15     | Torax: I really dont know
 33837 | D:15     | HP: 21/90 [centaur warrior/arrow (17)]
 34082 | D:15     | Reached skill level 12 in Ice Magic
 34101 | D:15     | Reached skill level 13 in Dodging
 34653 | D:15     | Found a staircase to the Depths.
 34699 | D:15     | CcS: lol
 35050 | Snake:1  | Entered Level 1 of the Snake Pit
 35081 | Snake:1  | Reached skill level 1 in Shields
 35355 | Snake:1  | Reached skill level 2 in Shields
 35444 | Snake:1  | Reached skill level 3 in Shields
 35446 | Snake:1  | Noticed Agnes
 35453 | Snake:1  | Killed Agnes
 35453 | Snake:1  | Reached XP level 16. HP: 60/96 MP: 30/37
 35570 | Snake:1  | Reached skill level 4 in Shields
 35756 | Snake:1  | Reached skill level 13 in Ice Magic
 36314 | Snake:1  | Reached skill level 14 in Ice Magic
 37197 | Snake:2  | Reached skill level 15 in Ice Magic
 37565 | Snake:2  | Offered knowledge of Lehudib's Crystal Spear by Vehumet.
 37565 | Snake:2  | Offered knowledge of Shatter by Vehumet.
 37565 | Snake:2  | Offered knowledge of Tornado by Vehumet.
 38790 | D:11     | Killed an unseen horror
 38790 | D:11     | Reached skill level 16 in Ice Magic
 39292 | Snake:3  | Noticed Mara
 39297 | Snake:3  | Noticed CcS's illusion
 39460 | Swamp:1  | Entered Level 1 of the Swamp
 40950 | Swamp:2  | Noticed Nikola
 40950 | Swamp:2  | Noticed Kirke
 40955 | Swamp:2  | Killed Nikola
 41488 | Swamp:1  | Reached skill level 16 in Conjurations
 41563 | Swamp:2  | Reached XP level 17. HP: 75/101 MP: 25/38
 41566 | Swamp:2  | Reached skill level 14 in Dodging
 42035 | Swamp:2  | Noticed Roxanne
 42045 | Swamp:2  | Killed Kirke
 42332 | Swamp:2  | Killed Roxanne
 42339 | Swamp:2  | Identified Roxanne's Compendium of Shifting Clay (You took it off Roxanne on level 2 of the Swamp)
 42347 | Swamp:2  | Learned a level 6 spell: Iron Shot
 42546 | Swamp:2  | Gained mutation: You can spit weak poison. [potion of beneficial mutation]
 42601 | Swamp:2  | Reached skill level 16 in Spellcasting
 43179 | Swamp:3  | Reached skill level 17 in Ice Magic
 43809 | Swamp:4  | Entered Level 4 of the Swamp
 43814 | Swamp:4  | Reached skill level 10 in Fighting
 45085 | Swamp:3  | Hired Lysau the big kobold for 103 gold.
 45277 | Swamp:4  | Got a decaying rune of Zot
 46190 | Swamp:3  | Your ally Lysau died
 46874 | Snake:3  | Reached skill level 17 in Conjurations
 46876 | Snake:3  | Noticed CcS's illusion
 47230 | Lair:2   | Learned a level 2 spell: Repel Missiles
 47367 | Snake:4  | Entered Level 4 of the Snake Pit
 47384 | Snake:4  | Reached XP level 18. HP: 100/108 MP: 17/40
 47535 | Snake:4  | Noticed Wiglaf
 47540 | Snake:4  | Killed Wiglaf
 47712 | Snake:4  | Reached skill level 15 in Dodging
 48550 | Snake:4  | Reached skill level 18 in Ice Magic
 49045 | Snake:4  | CcS: oooops
 49045 | Snake:4  | Torax: you seem to be in pain.
 49045 | Snake:4  | CcS: yy
 49045 | Snake:4  | CcS: sec
 49045 | Snake:4  | Torax: invisible, fast tree.
 49045 | Snake:4  | CcS: sry
 49045 | Snake:4  | CcS: what did you say?
 49045 | Snake:4  | Torax: invisible, fast tree.
 49045 | Snake:4  | CcS: y
 49045 | Snake:4  | CcS: wrong key
 49045 | Snake:4  | CcS: :\
 49045 | Snake:4  | Torax: glaciate up?
 49045 | Snake:4  | CcS: -
 49045 | Snake:4  | CcS: maybe with brill
 49048 | Snake:4  | Torax: you may want to get rid of that naga around you.
 49075 | Snake:4  | Torax: Freezing cloud?
 49094 | Snake:4  | CcS: xd
 49121 | Snake:4  | Torax: that vault is danggerous
 49232 | Snake:4  | Torax: as is every naga vault
 49239 | Snake:4  | Torax: tedious and dangerous...
 49242 | Snake:4  | Reached skill level 17 in Spellcasting
 49413 | Snake:4  | CcS: :D
 49706 | Snake:4  | CcS: It's not that bad
 50066 | Snake:4  | Got a serpentine rune of Zot
 50354 | Snake:4  | Torax: I usually skip snake altogether, I actually was afraid of doing it even with tornado.
 50947 | D:11     | CcS: :O
 50947 | D:11     | CcS: I rarely play casters
 50947 | D:11     | CcS: and with weak races :D
 50947 | D:11     | Torax: Was DrIE
 50947 | D:11     | Torax: I think
 50947 | D:11     | CcS: :O
 50947 | D:11     | CcS: Dr is strong
 50947 | D:11     | Torax: I think the guy dived snake
 50959 | D:11     | Torax: because I just have an irrational hatred for that place.
 51015 | Vaults:1 | Entered Level 1 of the Vaults
 51038 | Vaults:1 | Found Hyqog's General Store.
 51046 | Vaults:1 | CcS: :D
 51046 | Vaults:1 | CcS: lol
 51046 | Vaults:1 | CcS: Shoals is 10 times harder
 51180 | Vaults:1 | CcS: well that was sloppy
 51607 | Vaults:1 | Torax: boom
 51607 | Vaults:1 | CcS: :O
 51607 | Vaults:1 | CcS: first time casting glaciate :D
 51702 | Vaults:1 | Reached skill level 18 in Conjurations
 52232 | Vaults:1 | Reached skill level 11 in Fighting
 52255 | Vaults:1 | Paralysed by a great orb of eyes for 6 turns
 52699 | Snake:2  | Torax: It's awesome.
 52699 | Snake:2  | CcS: :P
 53257 | Vaults:1 | Torax: The tornado dude had glaciate too lol
 53366 | Vaults:1 | CcS: :P
 53976 | Vaults:1 | Drew Focus: Int increased to 30, Str decreased to 4
 53995 | Vaults:1 | Reached XP level 19. HP: 41/114 MP: 11/42
 54230 | Vaults:1 | CcS: sec
 54230 | Vaults:1 | CcS: shwr
 54814 | Vaults:2 | Reached skill level 19 in Ice Magic
 55703 | Vaults:2 | Noticed Boris
 56425 | Vaults:2 | Paralysed by a great orb of eyes for 3 turns
 56844 | Vaults:2 | Killed Boris
 56930 | Vaults:2 | Reached skill level 16 in Dodging
 57356 | Vaults:2 | Found a staircase to the Crypt.
 57963 | Vaults:3 | Reached skill level 18 in Spellcasting
 59197 | Vaults:3 | Reached skill level 1 in Earth Magic
 59612 | Vaults:3 | Reached skill level 2 in Earth Magic
 59613 | Vaults:3 | Reached skill level 1 in Evocations
 60151 | Vaults:4 | Reached XP level 20. HP: 115/120 MP: 30/44
 60155 | Vaults:4 | Reached skill level 2 in Evocations
 60236 | Vaults:4 | Reached skill level 3 in Earth Magic
 60303 | Vaults:4 | Reached skill level 4 in Earth Magic
 60303 | Vaults:4 | Reached skill level 3 in Evocations
 60578 | Vaults:4 | Reached skill level 19 in Spellcasting
 60584 | Vaults:4 | Reached skill level 4 in Evocations
 60605 | Vaults:4 | Reached skill level 5 in Earth Magic
 61468 | Vaults:4 | Reached skill level 5 in Evocations
 61764 | Vaults:3 | CcS: elf should be ez
 61768 | Vaults:3 | Reached skill level 6 in Earth Magic
 62084 | Elf:1    | Entered Level 1 of the Elven Halls
 62721 | Elf:1    | Reached skill level 6 in Evocations
 63198 | Orc:4    | Bought a book of Frost for 385 gold pieces
 63204 | Orc:4    | Learned a level 3 spell: Ozocubu's Armour
 63536 | Elf:2    | Reached skill level 7 in Earth Magic
 63560 | Elf:2    | Learned a level 9 spell: Shatter
 64049 | Elf:2    | Found a runed gate.
 64049 | Elf:2    | Found a runed gate.
 64049 | Elf:2    | Found a runed gate.
 64189 | Elf:3    | Entered Level 3 of the Elven Halls
 64200 | Elf:3    | Reached skill level 12 in Fighting
 65019 | Elf:3    | Reached skill level 7 in Evocations
 65249 | Elf:3    | Reached skill level 8 in Earth Magic
 65449 | Elf:3    | Reached XP level 21. HP: 109/127 MP: 39/46
 65462 | Elf:3    | Reached skill level 20 in Spellcasting
 65568 | Elf:3    | Reached skill level 8 in Evocations
 65910 | Elf:3    | Torax: randart amulet
 65917 | Elf:3    | Torax: left behind
 66003 | Elf:3    | Got a fine dagger {pierce}
 66093 | Elf:3    | CcS: :O
 66178 | Elf:3    | Got a coiled ruby amulet
 66179 | Elf:3    | Identified the amulet "Qetianwi" {Clar rElec rF+ Str-5} (You took it off a deep elf conjurer on level 3 of the Elven Halls)
 66180 | Elf:3    | CcS: xd
 66180 | Elf:3    | CcS: lol
 66180 | Elf:3    | Torax: clarity relec and rf are awesome - -5 str makes it unusable :/
 66180 | Elf:3    | CcS: y...
 66180 | Elf:3    | CcS: for now
 66180 | Elf:3    | Identified the +7 dagger "Kijay" {pierce, rPois rF+ rC- Str+3} (You took it off a deep elf death mage on level 3 of the Elven Halls)
 66927 | Depths:1 | Entered Level 1 of the Depths
 66934 | Depths:1 | Reached skill level 1 in Staves
 67096 | Depths:1 | Reached skill level 2 in Staves
 67268 | Depths:1 | Reached skill level 3 in Staves
 67303 | Depths:1 | Reached skill level 4 in Staves
 67450 | Depths:1 | Reached skill level 5 in Staves
 67688 | Depths:1 | Got a transparent leather armour
 67710 | Depths:1 | Reached skill level 6 in Staves
 67737 | Depths:1 | Reached skill level 7 in Staves
 67931 | Depths:1 | Reached skill level 8 in Staves
 67977 | Depths:1 | Found a gateway to Hell.
 68493 | Depths:2 | Reached skill level 9 in Staves
 68990 | Depths:2 | Found Zarugun's Antique Weapon Shoppe.
 69228 | Depths:2 | Found a runed door.
 69707 | Depths:3 | Found a magical portal.
 69735 | WizLab   | Entered Lehudib's Moon Base
 69746 | WizLab   | CcS: is this portal hard?
 69746 | WizLab   | CcS: First time entering this :D
 69750 | WizLab   | Reached skill level 10 in Staves
 70148 | WizLab   | Reached skill level 17 in Dodging
 70328 | WizLab   | Reached skill level 19 in Conjurations
 70328 | WizLab   | Reached XP level 22. HP: 134/134 MP: 15/48
 70791 | WizLab   | Torax: moon troll!
 70791 | WizLab   | Torax: yay
 70791 | WizLab   | Reached skill level 13 in Fighting
 70794 | WizLab   | CcS: :D
 70839 | WizLab   | CcS: hm :\
 70841 | WizLab   | Identified Lehudib's Grimoire of the Traveller and Earth (You found it in a wizard's laboratory)
 70842 | WizLab   | CcS: Rip moon troll armour
 70847 | WizLab   | Torax: why?
 70850 | WizLab   | CcS: can I use it?
 70850 | WizLab   | CcS: cf
 70850 | WizLab   | CcS: xd*
 70891 | WizLab   | Torax: only problem with it is the spirit shield
 70891 | WizLab   | CcS: ...
 70891 | WizLab   | CcS: :D
 70899 | WizLab   | Learned a level 3 spell: Regeneration
 70899 | WizLab   | Torax: it may eat all your mp and you may not be able to glaciate due to that
 70903 | WizLab   | CcS: yes
 70903 | WizLab   | CcS: and I have robe of arch magi
 70903 | WizLab   | CcS: :D
 70903 | WizLab   | CcS: and want to do 15 runes
 70903 | WizLab   | CcS: I think I will drop it
 70969 | WizLab   | namelastname112: you killed the statue?
 70994 | WizLab   | CcS: shit
 70994 | WizLab   | CcS: ?
 70994 | WizLab   | CcS: which statue?:O
 70994 | WizLab   | namelastname112: there is a statue in here
 71007 | WizLab   | namelastname112: it's an asshole
 71106 | WizLab   | Identified Hesmuh's Incunabulum of Weightlessness (You found it in a wizard's laboratory)
 71176 | WizLab   | CcS: will see :D
 71740 | WizLab   | CcS: ahh I see
 71743 | WizLab   | CcS: xd
 71918 | Depths:3 | CcS: that portal was good :D
 71927 | Depths:3 | Noticed Starve's ghost (master CeSk)
 71996 | Depths:3 | CcS: ""
 72096 | Depths:3 | Reached skill level 11 in Staves
 72102 | Depths:3 | CcS: I will forget some spells
 72859 | Depths:3 | Learned a level 6 spell: Deflect Missiles
 73156 | Depths:3 | Found a one-way gate leading to the halls of Pandemonium.
 73335 | Depths:3 | Cast into the Abyss (a lich)
 73336 | Abyss:1  | Torax: lol
 73336 | Abyss:1  | CcS: nice
 73336 | Abyss:1  | CcS: I will get the rune xd
 73336 | Abyss:1  | Torax: free rune?
 73336 | Abyss:1  | Torax: :P
 73336 | Abyss:1  | Torax: got apport?
 73379 | Abyss:1  | CcS: no
 73423 | Abyss:2  | Torax: put on the ring of free teleports?
 73440 | Abyss:2  | CcS: y
 73658 | Abyss:3  | HP: 32/135 [??? (30)]
 73813 | Abyss:3  | CcS: 0 channeling sucks
 73822 | Abyss:3  | Paralysed by accursed screaming for 1 turns
 74011 | Abyss:3  | Torax: just tp when you see enemies outside of a rune vault, they're not worth dealing with.
 74079 | Abyss:3  | CcS: !
 74079 | Abyss:3  | Torax: promising
 74093 | Abyss:3  | Reached skill level 20 in Ice Magic
 74111 | Abyss:3  | Got an abyssal rune of Zot
 74126 | Abyss:3  | Found a corrupted altar of Lugonu.
 74171 | Abyss:3  | CcS: xd
 74171 | Abyss:3  | Torax: haha
 74171 | Abyss:3  | CcS: haha
 74235 | Abyss:3  | Found a corrupted altar of Lugonu.
 74248 | Abyss:3  | Found a corrupted altar of Lugonu.
 74324 | Abyss:3  | Found a corrupted altar of Lugonu.
 74400 | Abyss:3  | Found a corrupted altar of Lugonu.
 74418 | Abyss:3  | Found a corrupted altar of Lugonu.
 74525 | Depths:3 | Escaped the Abyss
 74762 | Depths:3 | Noticed a caustic shrike
 74765 | Depths:3 | Killed a caustic shrike
 74924 | Depths:3 | Torax: Rin
 74925 | Depths:3 | Torax: ring
 74930 | Depths:3 | CcS: ty
 75487 | Depths:3 | Reached skill level 21 in Spellcasting
 75493 | Depths:3 | Reached skill level 12 in Staves
 75822 | Depths:4 | Reached XP level 23. HP: 140/140 MP: 36/50
 76030 | Depths:3 | Reached skill level 20 in Conjurations
 76336 | Depths:3 | Learned a level 2 spell: Blink
 76798 | Orc:4    | Bought a manual of Fighting for 1214 gold pieces
 76798 | Orc:4    | Bought a book of Alchemy for 825 gold pieces
 76801 | Orc:4    | Learned a level 2 spell: Sublimation of Blood
 77217 | Depths:4 | Reached skill level 14 in Fighting
 77280 | Depths:4 | Noticed Margery
 77283 | Depths:4 | Killed Margery
 77349 | Depths:4 | Got a shimmering tin ring
 77840 | Depths:4 | Got a crystal executioner's axe
 78204 | Depths:4 | Found a one-way gate to the infinite horrors of the Abyss.
 78233 | Depths:5 | Entered Level 5 of the Depths
 78238 | Depths:5 | Noticed a juggernaut
 78243 | Depths:5 | Killed a juggernaut
 78665 | Depths:4 | Identified the +5 executioner's axe of Discomfort {chop, MP+9 Str+2 Dex+2} (You found it on level 4 of the Depths)
 79279 | Depths:5 | Found a gateway to a ziggurat.
 79612 | D:15     | Reached skill level 1 in Necromancy
 79656 | D:15     | Reached skill level 2 in Necromancy
 80131 | Lair:7   | Identified the ring "Azouwn" {SustAt rN+ Str+3 Dex-4} (You took it off a hell knight on level 4 of the Depths)
 80780 | Vaults:4 | CcS: shit
 80780 | Vaults:4 | CcS: xd
 81164 | Lair:2   | Learned a level 5 spell: Metabolic Englaciation
 81543 | Vaults:5 | Entered Level 5 of the Vaults
 81552 | Vaults:5 | Reached skill level 3 in Necromancy
 81552 | Vaults:5 | Reached skill level 9 in Earth Magic
 81552 | Vaults:5 | Reached skill level 4 in Necromancy
 81552 | Vaults:5 | Reached skill level 15 in Fighting
 81594 | Vaults:5 | Reached skill level 5 in Necromancy
 81601 | Vaults:5 | HP: 8/144 [yaktaur/bolt[a vault warden] (31)]
 81602 | Vaults:5 | Torax: hmm
 81602 | Vaults:5 | CcS: yeaa..
 81602 | Vaults:5 | Torax: if you blink, there's ALWAYS a chance you get quicksilver breath'd
 81602 | Vaults:5 | CcS: the shadow dragon/yaktaur will kill me if I don't blink
 81602 | Vaults:5 | CcS: or?
 81602 | Vaults:5 | CcS: ...
 81602 | Vaults:5 | Torax: oh
 81602 | Vaults:5 | Torax: yea
 81602 | Vaults:5 | Torax: they might also do that
 81602 | Vaults:5 | CcS: hm
 81602 | Vaults:5 | CcS: shit
 81602 | Vaults:5 | Torax: shadow can't breathe
 81602 | Vaults:5 | Torax: yet
 81602 | Vaults:5 | Torax: "catching it's breath"
 81602 | Vaults:5 | CcS: y
 81602 | Vaults:5 | Torax: what about the quicsilver
 81602 | Vaults:5 | Torax: is it also catching breath
 81602 | Vaults:5 | Torax: yea
 81602 | Vaults:5 | CcS: :O
 81602 | Vaults:5 | CcS: I should blink then
 81602 | Vaults:5 | CcS: right?
 81602 | Vaults:5 | Torax: probably yea
 81602 | Vaults:5 | CcS: lets do that
 81602 | Vaults:5 | HP: 3/144 [quicksilver dragon (7)]
 81603 | Vaults:5 | CcS: xd
 81603 | Vaults:5 | CcS: R.I.P.
 81603 | Vaults:5 | Torax: how high is glaciate damage
 81603 | Vaults:5 | CcS: !
 81603 | Vaults:5 | CcS: quite high
 81603 | Vaults:5 | Torax: if you can oneshot the Quicksilver dragon with it, you may still have a chance.
 81603 | Vaults:5 | Torax: BoC may miss.
 81603 | Vaults:5 | CcS: hm
 81603 | Vaults:5 | Torax: I may be pulling shit outta my ass tho lol
 81603 | Vaults:5 | Torax: Deck of wonders?
 81603 | Vaults:5 | CcS: y
 81603 | Vaults:5 | CcS: can that help me?
 81603 | Vaults:5 | CcS: I'm kinda bad with decks
 81603 | Vaults:5 | Torax: what's your evo
 81603 | Vaults:5 | CcS: low
 81603 | Vaults:5 | Torax: not too great
 81603 | Vaults:5 | CcS: ...
 81603 | Vaults:5 | Torax: it could still get a high roll alchemist card and heal you quite a bit
 81603 | Vaults:5 | Torax: but you need to decide
 81603 | Vaults:5 | Torax: wait
 81603 | Vaults:5 | Torax: I really dunno which
 81603 | Vaults:5 | Torax: Iron shot definitely *could* one shot the Quicksilver Dragon.
 81603 | Vaults:5 | CcS: hm
 81603 | Vaults:5 | Torax: glaciate does probably more damage
 81603 | Vaults:5 | CcS: glaciate too, right?
 81603 | Vaults:5 | CcS: yy
 81603 | Vaults:5 | Torax: according to bcadren
 81603 | Vaults:5 | CcS: I will go with glac
 81603 | Vaults:5 | CcS: and cross my fingers
 81603 | Vaults:5 | Torax: you could go for Wonders
 81603 | Vaults:5 | Torax: and hope for them
 81603 | Vaults:5 | CcS: hm
 81603 | Vaults:5 | Torax: changes could also have wonders cards
 81603 | Vaults:5 | CcS: so? :D
 81603 | Vaults:5 | CcS: hm
 81603 | Vaults:5 | CcS: I am nervous :\
 81603 | Vaults:5 | Torax: there are 2-3 cards that can save you
 81603 | Vaults:5 | CcS: k
 81603 | Vaults:5 | CcS: lets draw a card
 81603 | Vaults:5 | CcS: Wonders, right?
 81603 | Vaults:5 | Torax: wonders or changes
 81603 | Vaults:5 | Torax: changes has wonders/battle
 81603 | Vaults:5 | Torax: wonders is wonders
 81603 | Vaults:5 | CcS: ahh
 81603 | Vaults:5 | Torax: either can draw alchemist
 81603 | Vaults:5 | breadbocks: I think changes is better?
 81603 | Vaults:5 | CcS: wonders is a subset of changes...
 81603 | Vaults:5 | CcS: hm
 81603 | Vaults:5 | CcS: yy
 81603 | Vaults:5 | CcS: gogoo
 81603 | Vaults:5 | breadbocks: there are a couple battle cards
 81604 | Vaults:5 | Torax: oooo
 81604 | Vaults:5 | Torax: extra turn
 81604 | Vaults:5 | breadbocks: what card did you pull?
 81604 | Vaults:5 | Torax: dowsing
 81604 | Vaults:5 | breadbocks: from changes or wonder
 81604 | Vaults:5 | CcS: changes
 81604 | Vaults:5 | Torax: glaciate is still an option
 81604 | Vaults:5 | CcS: I should go with that
 81604 | Vaults:5 | breadbocks: Will glaciate kill the qs dragon?
 81604 | Vaults:5 | CcS: cause shadow dragon reasons
 81604 | Vaults:5 | CcS: q
 81604 | Vaults:5 | CcS: y
 81604 | Vaults:5 | CcS: i think so
 81604 | Vaults:5 | breadbocks: oh yeah missed that shadow dragon there
 81604 | Vaults:5 | Torax: breadbocks according to bcadren it does more damage than Iron shot
 81604 | Vaults:5 | CcS: the spell pwr is good
 81604 | Vaults:5 | Torax: since quicksilver has no rc
 81604 | Vaults:5 | breadbocks: oh yeah wow you have glaciate almost max power
 81604 | Vaults:5 | Torax: you need to hope a dodge on the frost giant
 81604 | Vaults:5 | CcS: sec
 81604 | Vaults:5 | CcS: will save
 81604 | Vaults:5 | CcS: brb
 81604 | Vaults:5 | breadbocks: does the frost giant have large stones or something?
 81604 | Vaults:5 | CcS: :O
 81604 | Vaults:5 | Torax: what?
 81604 | Vaults:5 | CcS: the dragon hasnt noticed me
 81604 | Vaults:5 | Torax: Glaciate still probs the best choice.
 81604 | Vaults:5 | CcS: y
 81604 | Vaults:5 | CcS: AHHH
 81604 | Vaults:5 | CcS: xd
 81604 | Vaults:5 | CcS: I will die
 81604 | Vaults:5 | CcS: shit
 81605 | Vaults:5 | CcS: lol
 81605 | Vaults:5 | CcS: maybe not
 81605 | Vaults:5 | CcS: xd
 81605 | Vaults:5 | Torax: dmsl?
 81605 | Vaults:5 | breadbocks: You have a yaktaur coming
 81605 | Vaults:5 | CcS: go with dmsl?
 81605 | Vaults:5 | CcS: first?
 81605 | Vaults:5 | breadbocks: spam pull from the deck of changes
 81605 | Vaults:5 | breadbocks: either you get lucky and pull alchemist or elixir or you're dead either way
 81605 | Vaults:5 | Torax: Dmsl would ensure 50% survival rate from BoC and Yaktaur bolt?
 81606 | Vaults:5 | CcS: xd
 81606 | Vaults:5 | Torax: now the cards
 81606 | Vaults:5 | breadbocks: The frost giant continues to approach
 81606 | Vaults:5 | breadbocks: you get one pull before he murders you
 81606 | Vaults:5 | Torax: damnation alch and elixir
 81606 | Vaults:5 | Torax: hope for 1
 81606 | Vaults:5 | breadbocks: actually
 81606 | Vaults:5 | breadbocks: wait a moment
 81606 | Vaults:5 | Torax: also hw from potion
 81606 | Vaults:5 | breadbocks: wow frost giant has big mr. weak
 81607 | Vaults:5 | Torax: dududu
 81607 | Vaults:5 | CcS: YEA
 81607 | Vaults:5 | breadbocks: Elixir
 81607 | Vaults:5 | breadbocks: in it
 81607 | Vaults:5 | breadbocks: Kite for a turn or two
 81607 | Vaults:5 | CcS: hm
 81607 | Vaults:5 | Torax: North-west?
 81607 | Vaults:5 | breadbocks: if you're feeling super duper lucky you could wand of tp the frost giant
 81607 | Vaults:5 | breadbocks: 1 in 5 chance of tping him I think?
 81607 | Vaults:5 | Torax: too little IMO
 81607 | Vaults:5 | CcS: hm
 81607 | Vaults:5 | CcS: wand of hasting then kite?
 81607 | Vaults:5 | breadbocks: yeah probably your best bet
 81607 | Vaults:5 | Torax: why hasting, that's 1 more turn
 81607 | Vaults:5 | breadbocks: that drain on you is brutal
 81609 | Vaults:5 | Torax: oh
 81609 | Vaults:5 | breadbocks: IN IT
 81609 | Vaults:5 | CcS: yea
 81609 | Vaults:5 | CcS: in it?
 81609 | Vaults:5 | Torax: get away from the pirest
 81609 | Vaults:5 | Torax: priest
 81612 | Vaults:5 | breadbocks: keep stalling for elixirs
 81613 | Vaults:5 | CcS: k
 81613 | Vaults:5 | breadbocks: 10% hp/mp per turn
 81615 | Vaults:5 | CcS: should I glac in the back?
 81615 | Vaults:5 | CcS: ohh
 81615 | Vaults:5 | CcS: I will use the secret tech
 81615 | Vaults:5 | CcS: xd
 81616 | Vaults:5 | Reached XP level 24. HP: 120/150 MP: 46/50
 81621 | Vaults:5 | breadbocks: wait how did you just heal for 100
 81621 | Vaults:5 | CcS: xd
 81621 | Vaults:5 | CcS: elixir
 81621 | Vaults:5 | CcS: ftw
 81621 | Vaults:5 | breadbocks: in one turn?
 81623 | Vaults:5 | Torax: Elixir, 3 turns I guess
 81623 | Vaults:5 | CcS: shit
 81623 | Vaults:5 | CcS: wrong key
 81623 | Vaults:5 | breadbocks: glaciate that shit. you're good
 81623 | Vaults:5 | Reached skill level 6 in Necromancy
 81627 | Vaults:5 | Reached skill level 10 in Earth Magic
 81632 | Vaults:5 | Pr0man: aw man, finally a nice IE
 81632 | Vaults:5 | CcS: :D
 81639 | Vaults:5 | Pr0man: too bad my deep elves won't make it past D5 or so
 81647 | Vaults:5 | Torax: pr0man you need to go ru :P
 81650 | Vaults:5 | Torax: not rly
 81662 | Vaults:5 | Pr0man: Also - how much editing took it to get the text interface that detailed?
 81668 | Vaults:5 | Reached skill level 7 in Necromancy
 81669 | Vaults:5 | Torax: ouch, contam
 81670 | Vaults:5 | breadbocks: the glaciate miscast. i'm surprised all you got was yellow conta
 81670 | Vaults:5 | Pr0man: mutation time wohoo
 81670 | Vaults:5 | CcS: :D
 81679 | Vaults:5 | breadbocks: And now you're back to fucked
 81679 | Vaults:5 | breadbocks: nice
 81679 | Vaults:5 | CcS: xd
 81680 | Vaults:5 | Torax: welcome to Vaults:%
 81680 | Vaults:5 | breadbocks: pull cards again? :V
 81680 | Vaults:5 | Torax: ererere
 81682 | Vaults:5 | Noticed Mennas
 81682 | Vaults:5 | Torax: AHAHAHA
 81683 | Vaults:5 | breadbocks: frying pan meet fire
 81683 | Vaults:5 | CcS: xd
 81683 | Vaults:5 | Torax: Just what wew were looking for.
 81685 | Vaults:5 | Pr0man: gee
 81687 | Vaults:5 | CcS: ez
 81687 | Vaults:5 | Pr0man: and I always thought I had shitty luck
 81687 | Vaults:5 | CcS: secret tech
 81687 | Vaults:5 | CcS: xd
 81689 | Vaults:5 | Pr0man: haxx0r
 81705 | Vaults:5 | Torax: more contam
 81707 | Vaults:5 | breadbocks: quaff cancelation Kappa
 81707 | Vaults:5 | Torax: yay
 81764 | Vaults:5 | Torax: no yellow
 81764 | Vaults:5 | Torax: lol
 81814 | Vaults:5 | Torax: dmsl
 81814 | Vaults:5 | CcS: :D
 81864 | Vaults:5 | Torax: living on the edge.
 81864 | Vaults:5 | CcS: +1
 81902 | Vaults:5 | breadbocks: It might be time to emerge from your hideyhole in the tunnel
 81916 | Vaults:5 | Pr0man: so - what are your main spells right now?
 81916 | Vaults:5 | Got a silver rune of Zot
 81925 | Vaults:5 | Pr0man: can't really keep up
 81928 | Vaults:5 | Torax: Glaciate and iron shot.
 81971 | Vaults:5 | Pr0man: looks like iron shot
 81971 | Vaults:5 | Pr0man: oh
 81983 | Vaults:5 | Pr0man: well I guess I was right once
 82017 | Vaults:5 | CcS: :D
 82017 | Vaults:5 | CcS: yea
 82021 | Vaults:5 | Pr0man: I'm busy trying to edit my rc file to make it look somewhat more decent
 82021 | Vaults:5 | CcS: I want to get shatter online for the lategame
 82026 | Vaults:5 | Pr0man: shame on you!
 82056 | Vaults:5 | Reached skill level 8 in Necromancy
 82146 | Vaults:5 | Torax: btw, whenever there's more than 1 enemy on the screen glaciate is worth it.
 82172 | Vaults:5 | Reached skill level 11 in Earth Magic
 82265 | Vaults:5 | CcS: yea
 82265 | Vaults:5 | Torax: slowing down and damaging multiple enemies provides usually better mana to dmg ratio
 82265 | Vaults:5 | CcS: thats probably true
 82291 | Vaults:5 | breadbocks: ID that staff in the bottom
 82299 | Vaults:5 | breadbocks: maybe it's useful
 82391 | Vaults:5 | Noticed an ancient lich
 82406 | Vaults:5 | Killed an ancient lich
 82406 | Vaults:5 | Reached skill level 9 in Necromancy
 82441 | Vaults:5 | Torax: gonna go sleep
 82442 | Vaults:5 | Torax: bye
 82444 | Vaults:5 | CcS: bb
 82444 | Vaults:5 | CcS: I will clear vaults
 82444 | Vaults:5 | CcS: and do that to
 82444 | Vaults:5 | CcS: too*
 82633 | Vaults:5 | CcS: nice
 82633 | Vaults:5 | breadbocks: staff of power is pretty nice
 82940 | Vaults:5 | Reached skill level 21 in Conjurations
 83026 | Vaults:5 | Reached skill level 10 in Necromancy
 83090 | Vaults:5 | Reached skill level 12 in Earth Magic
 83314 | Vaults:5 | Reached skill level 16 in Fighting
 83333 | Vaults:5 | Hired Jiokoik the torturous demonspawn for 694 gold.
 83350 | Vaults:5 | Your ally Jiokoik died
 83852 | Vaults:5 | Killed Mennas
 83856 | Vaults:5 | Paralysed by a sphinx for 4 turns
 83860 | Vaults:5 | Reached skill level 11 in Necromancy
 84449 | Vaults:4 | Got an iridescent blowgun
 84587 | Vaults:5 | Got a scorched cloak
 84598 | Vaults:5 | Identified the +2 cloak "Plog" {+Blink MR+ Stlth+} (You found it on level 5 of the Vaults)
 84630 | Vaults:5 | Got a twitching marble ring
 84632 | Vaults:5 | Identified the ring of Fiatuent {Fire MR- Str+7 Stlth+} (You found it on level 5 of the Vaults)
 84719 | Vaults:5 | Identified the +11 blowgun "Ycuwnucwurgh" {evade, Str+3 Int+3} (You found it on level 4 of the Vaults)
 84763 | Vaults:5 | Got a shimmering double sword {flame}
 84850 | Vaults:5 | Reached XP level 25. HP: 116/158 MP: 46/50
 84853 | Vaults:5 | Reached skill level 13 in Earth Magic
 86560 | Depths:5 | Killed Starve's ghost
 86560 | Depths:5 | Reached skill level 1 in Translocations
 86613 | Depths:5 | Reached skill level 2 in Translocations
 86789 | Depths:5 | Reached skill level 17 in Fighting
 86802 | Depths:5 | Reached skill level 3 in Translocations
 87461 | Depths:5 | Reached skill level 4 in Translocations
 87483 | Depths:5 | Found a gate to the Realm of Zot.
 88042 | Crypt:1  | Entered Level 1 of the Crypt
 88445 | Crypt:1  | Reached skill level 5 in Translocations
 89061 | Crypt:1  | Reached skill level 6 in Translocations
 89761 | Crypt:2  | Reached skill level 18 in Fighting
 89794 | Crypt:2  | Found a shimmering altar of Xom.
 90089 | Crypt:2  | Reached skill level 14 in Earth Magic
 90925 | Crypt:2  | Reached skill level 15 in Earth Magic
 91059 | Crypt:3  | Entered Level 3 of the Crypt
 91545 | Crypt:3  | Found a staircase to the Tomb.
 91728 | Crypt:3  | Reached XP level 26. HP: 168/168 MP: 43/50
 91757 | Crypt:3  | Reached skill level 16 in Earth Magic
 92506 | Crypt:3  | Found a basalt altar of Yredelemnul.
 92558 | Crypt:3  | Reached skill level 17 in Earth Magic
 92650 | Crypt:3  | Got a sparkling lapis lazuli ring
 93929 | Hell     | Entered the Vestibule of Hell
 93929 | Hell     | Noticed Geryon
 93936 | Hell     | Killed Geryon
 93936 | Hell     | Reached skill level 18 in Earth Magic
 94524 | Depths:1 | Reached skill level 19 in Earth Magic
 94836 | Hell     | Found a gateway to the ashen valley of Gehenna.
 94940 | Hell     | Found a gateway to the decaying netherworld of Tartarus.
 95098 | Hell     | Found a gateway to the freezing wastes of Cocytus.
 95189 | Hell     | Found a gateway to the Iron City of Dis.
 95811 | Slime:1  | Entered Level 1 of the Pits of Slime
 96101 | Slime:3  | Reached skill level 20 in Earth Magic
 96449 | Slime:5  | Identified the ring "Xem Mifie" {rElec rPois rC- rN+ Slay-4} (You took it off a death knight on level 3 of the Crypt)
 96455 | Slime:6  | Entered Level 6 of the Pits of Slime
 96514 | Slime:6  | Gained mutation: You are surrounded by a mild repulsion field (EV +2). [a shining eye]
 96519 | Slime:6  | Noticed the royal jelly
 96522 | Slime:6  | Gained mutation: Armour fits poorly on your strangely shaped body. [a shining eye]
 96613 | Slime:6  | Killed the royal jelly
 96617 | Slime:6  | HP: 34/168 [acid blob/splash of acid (14)]
 96631 | Slime:6  | HP: 37/168 [acid (17)]
 96640 | Slime:6  | HP: 35/168 [acid blob (18)]
 96645 | Slime:6  | Reached skill level 21 in Earth Magic
 96649 | Slime:6  | HP: 40/168 [acid (11)]
 96654 | Slime:6  | HP: 41/168 [acid (9)]
 96730 | Slime:6  | Reached XP level 27. HP: 121/173 MP: 13/50
 97489 | Slime:6  | Gained mutation: You are occasionally teleported next to monsters. [a shining eye]
 97539 | Slime:6  | Got a translucent jade ring
 97541 | Slime:6  | Identified the ring "Wulouq" {Fire +Fly rPois rN+} (You found it on level 6 of the Pits of Slime)
 97615 | Slime:6  | Got a slimy rune of Zot
 98131 | D:15     | Bought a scroll of acquirement for 936 gold pieces
 98131 | D:15     | Bought a +1 pair of gloves of dexterity for 297 gold pieces
 98145 | D:15     | Learned a level 8 spell: Necromutation
 98332 | Pan      | Entered Pandemonium
 98380 | Pan      | Lost mutation: You are occasionally teleported next to monsters. [a Zot trap]
 98385 | Pan      | Lost mutation: You can spit weak poison. [potion of cure mutation]
 98385 | Pan      | Lost mutation: Armour fits poorly on your strangely shaped body. [potion of cure mutation]
 98385 | Pan      | Lost mutation: You are surrounded by a mild repulsion field (EV +2). [potion of cure mutation]
 98427 | Pan      | Reached skill level 1 in Transmutations
 98457 | Pan      | Reached skill level 2 in Transmutations
 98474 | Pan      | Reached skill level 3 in Transmutations
 98643 | Pan      | Reached skill level 4 in Transmutations
 98645 | Pan      | Noticed Zopysaek the pandemonium lord
 98647 | Pan      | Killed Zopysaek the pandemonium lord
 98651 | Pan      | Reached skill level 5 in Transmutations
 98901 | Pan      | Reached skill level 6 in Transmutations
 98990 | Pan      | Found an exit through the horrors of the Abyss.
 99050 | Pan      | Reached skill level 7 in Transmutations
 99279 | Pan      | Reached skill level 8 in Transmutations
 99382 | Pan      | Reached skill level 9 in Transmutations
 99840 | Pan      | Reached skill level 10 in Transmutations
100194 | Pan      | Reached skill level 12 in Necromancy
100437 | Pan      | Noticed Pysketh the pandemonium lord
100504 | Pan      | Gained mutation: Your muscles are strong. (Str +2) [a neqoxec]
100514 | Pan      | Killed Pysketh the pandemonium lord
100514 | Pan      | Reached skill level 11 in Transmutations
100750 | Pan      | Got a demonic rune of Zot
100860 | Pan      | Got an ancient greatsling
101062 | Pan      | Reached skill level 13 in Necromancy
101299 | Pan      | Learned a level 1 spell: Apportation
101568 | Pan      | Got an encrusted cloak
101579 | Pan      | Identified the +1 cloak "Vusim" {rPois} (You found it in Pandemonium)
101611 | Pan      | Reached skill level 12 in Transmutations
101960 | Pan      | Reached skill level 14 in Necromancy
101981 | Pan      | Gained mutation: Your magical capacity is low (-10% MP). [a cacodemon]
101995 | Pan      | Found an exit through the horrors of the Abyss.
102020 | Pan      | Lost mutation: Your muscles are strong. (Str +2) [a cacodemon]
102077 | Pan      | Noticed Qenomosh the pandemonium lord
102361 | Pan      | Found a glowing silver altar of Zin.
102375 | Pan      | HP: 41/173 [daeva/divine providence (13)]
102822 | Pan      | Reached skill level 13 in Transmutations
102927 | Pan      | Reached skill level 15 in Necromancy
103379 | Pan      | HP: 40/173 [daeva/divine providence (16)]
103390 | Pan      | HP: 42/173 [daeva/divine providence (9)]
103390 | Pan      | HP: 13/173 [apis (29)]
103391 | Pan      | HP: 6/173 [daeva/divine providence (8)]
103399 | Pan      | HP: 15/173 [apis (25)]
103403 | Pan      | HP: 2/173 [apis (20)]
103425 | Pan      | HP: 33/173 [apis (16)]
103445 | Pan      | Found a runed door.
103448 | Pan      | Found a runed door.
103453 | Pan      | HP: 36/173 [miscasting Glaciate (17)]
103465 | Pan      | Found a runed door.
103473 | Pan      | Reached skill level 14 in Transmutations
103720 | Pan      | Lost mutation: Your magical capacity is low (-10% MP). [potion of cure mutation]
103773 | Pan      | Found an exit through the horrors of the Abyss.
103812 | Pan      | Reached skill level 16 in Necromancy
104417 | Pan      | Found an exit through the horrors of the Abyss.
104482 | Pan      | Found an exit through the horrors of the Abyss.
104518 | Pan      | Reached skill level 15 in Transmutations
104696 | Pan      | Gained mutation: Your spells are a little easier to cast, but a little less powerful. [a neqoxec]
104701 | Pan      | Reached skill level 17 in Necromancy
104945 | Pan      | Found an exit through the horrors of the Abyss.
104977 | Pan      | Noticed Jeczymu the pandemonium lord
104984 | Pan      | Killed Jeczymu the pandemonium lord
105366 | Pan      | Reached skill level 16 in Transmutations
105374 | Pan      | HP: 39/173 [Executioner (11)]
105677 | Pan      | Reached skill level 18 in Necromancy
105980 | Pan      | Noticed Varhoyne the pandemonium lord
105985 | Pan      | Killed Varhoyne the pandemonium lord
106030 | Pan      | Noticed Weihaf the pandemonium lord
106085 | Pan      | HP: 34/173 [Executioner (24)]
106099 | Pan      | HP: 32/173 [??? (30)]
106218 | Pan      | HP: 35/173 [hellion/burst of hellfire (15)]
106220 | Pan      | HP: 14/173 [Hell Sentinel/blast of hellfire (22)]
106221 | Pan      | Killed from afar by a hellion

Action                   |  1- 3 |  4- 6 |  7- 9 | 10-12 | 13-15 | 16-18 | 19-21 | 22-24 | 25-27 || total
-------------------------+-------+-------+-------+-------+-------+-------+-------+-------+-------++-------
Melee: Spear             |       |     6 |     3 |     9 |       |       |       |       |       ||    18
       Flail             |       |       |       |    36 |    74 |    47 |    86 |       |       ||   243
       Staff             |       |       |       |       |       |    53 |    76 |   390 |    29 ||   548
 Cast: Magic Dart        |    60 |   183 |   269 |   528 |   967 |   407 |   227 |     1 |     2 ||  2644
       Searing Ray       |     3 |    13 |    18 |    12 |     6 |     2 |     1 |       |       ||    55
       Iskenderun's Batt |       |       |    50 |   100 |   189 |   151 |    97 |       |       ||   587
       Iskenderun's Myst |       |       |     1 |    49 |   222 |   663 |   339 |     5 |       ||  1279
       Throw Icicle      |       |       |       |     7 |     6 |       |       |       |       ||    13
       Freezing Cloud    |       |       |       |       |    74 |    22 |     5 |       |       ||   101
       Bolt of Cold      |       |       |       |       |    11 |    53 |    27 |    20 |     6 ||   117
       Repel Missiles    |       |       |       |       |       |     1 |     4 |       |       ||     5
       Glaciate          |       |       |       |       |       |     1 |    55 |    61 |    86 ||   203
       Iron Shot         |       |       |       |       |       |       |   217 |   463 |  1231 ||  1911
       Ozocubu's Armour  |       |       |       |       |       |       |    19 |    44 |    65 ||   128
       Regeneration      |       |       |       |       |       |       |       |    14 |    51 ||    65
       Deflect Missiles  |       |       |       |       |       |       |       |     6 |     2 ||     8
       Blink             |       |       |       |       |       |       |       |     4 |     6 ||    10
       Metabolic Englaci |       |       |       |       |       |       |       |     2 |     1 ||     3
       Sublimation of Bl |       |       |       |       |       |       |       |    14 |    71 ||    85
       Shatter           |       |       |       |       |       |       |       |       |     7 ||     7
 Abil: Evoke Teleportati |       |       |       |       |       |       |       |    10 |       ||    10
Evoke: Wand              |       |       |       |     2 |     1 |     4 |     8 |     7 |    31 ||    53
       Deck              |       |       |       |       |       |     5 |       |     4 |       ||     9
       Stone of tremors  |       |       |       |       |       |       |       |     1 |       ||     1
       Lamp of fire      |       |       |       |       |       |       |       |       |     2 ||     2
       Phial of floods   |       |       |       |       |       |       |       |       |     1 ||     1
       Phantom mirror    |       |       |       |       |       |       |       |       |     1 ||     1
  Use: Scroll            |     3 |     5 |    11 |    11 |    17 |    16 |    16 |    15 |    24 ||   118
       Potion            |       |       |     1 |     2 |     8 |    17 |     2 |    15 |    16 ||    61
 Stab: Invisible         |       |       |       |       |       |     2 |       |     1 |       ||     3
       Distracted        |       |       |       |       |       |       |     1 |     1 |       ||     2
  Eat: Chunk             |     1 |     6 |    20 |    24 |    46 |     5 |    43 |    49 |    18 ||   212
       Bread ration      |       |     1 |       |       |       |     2 |     1 |       |     2 ||     6
       Beef jerky        |       |       |     2 |     3 |       |     2 |     3 |     2 |     7 ||    19
       Meat ration       |       |       |     1 |       |     2 |     9 |     4 |     3 |     7 ||    26
       Royal jelly       |       |       |       |     1 |     2 |     2 |     1 |       |     1 ||     7
       Pizza             |       |       |       |     5 |     5 |       |     2 |       |     3 ||    15
       Fruit             |       |       |       |       |     2 |     2 |     5 |     5 |    14 ||    28

Vault maps used:
D:1:      minmay_arrival_four_loops, st_stairs_7
D:2:      marbit_many_paths, old_standard_altar, ecumenical_altar_1, uniq_robin,
          uniq_jessica, uniq_terence
D:3:      first_bread
D:4:      cheibriados_altar_1, lemuel_doored_altar,
          minmay_temple_entry_crystal_x
D:6:      minmay_goblin_kobold_castle, serial_corexii_hall,
          corexii_hall_statues_s, corexii_hall_statues_l, basic_altar,
          uniq_grinder, uniq_blork_the_orc, uniq_eustachio
D:7:      ashenzari_altar_1, overflow_temple_1_default, lemuel_blue_sif_altar
D:8:      grunt_ogre_cave, yredelemnul_altar_generic
D:9:      kennysheep_mini_moat, kennysheep_generic_room_2, uniq_maurice
D:10:     minmay_lair_entry_lava
D:11:     uniq_erica, uniq_nergalle
D:12:     erik_orc_1
D:13:     erik_vaults_1
D:14:     minmay_door_square
D:15:     gammafunk_enter_depths_forms, minmay_misc_feat_roman, serial_shops,
          shop, shop, nicolae_shop_waterfront, shop
Temple:   circular_temple_12
Lair:1:   wad_woods_structure_01, beast_lair_carwin_6
Lair:2:   basic_altar, small_statue_intersection, lemuel_oklob_altar,
          uniq_harold, uniq_urug
Lair:3:   minmay_lair_oklob_items, portal_ice_cave_entry_pillars_03, uniq_maud,
          uniq_snorg
Lair:4:   minmay_swamp_entry_swarm, minmay_snake_entry_six_corridors,
          minivault_23
Lair:5:   beast_lair_carwin_large_1
Lair:6:   minmay_slime_entry_oklob_open, bh_autumn_forest_stairs,
          serial_bayou_shore_b
Lair:7:   basic_altar
Lair:8:   minmay_lair_end_frog_pond, nicolae_volcano_entry_lava_flow, pond,
          serial_bayou_shore_b
Swamp:1:  serial_swamp_ruin, evilmike_swamp_ruin_house_4,
          hangedman_swamp_ruin_hall, infiniplex_staircase_pool
Swamp:2:  evilmike_swamp_ruin_house_5, swamp_pool3, uniq_roxanne, uniq_nikola,
          uniq_kirke
Swamp:3:  evilmike_swamp_ruin_rubble_2
Swamp:4:  swamp_alternative, swamp_pool1, nicolae_swamp_fairy_circle,
          nicolae_swamp_treefoil
Snake:1:  lemuel_fruit_tree, uniq_agnes
Snake:3:  serial_shops, shop, st_stairs_13, uniq_aizul, uniq_mara
Snake:4:  minmay_snake_end_coiled, serial_bayou_shore_a, uniq_wiglaf
Slime:1:  cheibrodos_slime_lost_civilization_7
Slime:2:  nicolae_slime_ancient_tower_intersection
Slime:4:  uniq_dissolution
Orc:2:    enter_bailey_3, lemuel_statue_altar
Orc:3:    basic_altar, nicolae_orc_pool_cavern
Orc:4:    st_orc_town, uniq_donald, uniq_saint_roka
Elf:1:    eino_elf_arrival_the_gate, minmay_elf_crystal_hexagon
Elf:3:    elf_hall_gauntlet_narrow, dk_noncrumbling_3
Vaults:1: v_misc_19, hangedman_vaults_slither, vaults_mumra_chevron_long,
          ontoclasm_vaults_loading_screen, grunt_vaults_focal, serial_shops,
          shop
Vaults:2: v_misc_31, hangedman_vaults_corner, minmay_crypt_entry_vampire_xt,
          ontoclasm_vaults_tryst, nicolae_vaults_shelves_hall, v_misc_1,
          vaults_dpeg_hooks, grunt_vaults_trifunnel,
          ontoclasm_vaults_claustrophobia, vaults_room_semicircle,
          ontoclasm_vaults_pinch, ontoclasm_vaults_loading_screen,
          hangedman_vaults_capsules, grunt_vaults_twisty, st_cross,
          nicolae_vaults_little_squares_3, uniq_boris
Vaults:3: ontoclasm_vaults_ring_square, nicolae_vaults_know_your_exits,
          nicolae_vaults_puzzle_piece, ontoclasm_vaults_chip,
          nicolae_vaults_little_squares_5, nicolae_vaults_theta,
          ontoclasm_vaults_gateway, ontoclasm_vaults_loading_screen,
          v_alt_pattern_2, vaults_dpeg_spiral, hangedman_vaults_corner_blocks
Vaults:4: vaults_room_hallway, nicolae_vaults_theta, vaults_room_pools,
          vaults_mumra_hexcomb, kb_rosetta, nicolae_vaults_hallways_thing,
          nicolae_vaults_theta, vaults_room_grid, ontoclasm_vaults_ring_small,
          nicolae_vaults_windows_and_doors_thing, vaults_room_fours,
          nicolae_vaults_ring_of_whatevers, v_misc_27, vaults_dpeg_doors,
          hangedman_vaults_stretched_pinwheel, nicolae_vaults_theta
Vaults:5: serial_shops, uniq_mennas
Crypt:1:  st_stairs_4
Crypt:2:  lemuel_minitomb, basic_altar
Crypt:3:  church_of_pain_bobbens, serial_sigils, serial_sigils_hangedman_scar,
          st_burial_chamber, basic_stair_grate_trap
Depths:1: pf_vacation_house_of_asmodeus, minmay_misc_feat_room,
          hangedman_devilish_allure
Depths:2: thingy_vault_2, serial_shops, nicolae_shop_statue_plus, hell_entry,
          nrook_uturn, minivault_16
Depths:3: evilmike_pillar_path, rand_demon_pan_entry_9,
          grunt_hell_entry_dis_grunt, hex_medium, infiniplex_enter_wizlab_water,
          minmay_misc_feat_encased, hangedman_decor_slide_cut,
          infiniplex_staircase_zigzag_4
Depths:4: minmay_expanding_squares, marbit_kobold_abyss_entry, hell_entry,
          pan_entry, minmay_misc_feat_tower, kennysheep_random_hallway,
          serial_bayou_shore_b, uniq_margery
Depths:5: grunt_bruiser_brothers, enter_ziggurat_b, pan_entry, hell_entry,
          serial_bayou, serial_bayou_crossing, serial_bayou_lagoon_b,
          serial_bayou_pond_b, serial_bayou_pond_c, minmay_misc_feat_five
Pan:      rand_demon_4, nicolae_pan_lom_lobonic_3, lemuel_hall_of_pain,
          nicolae_pan_cerebovesque_2, evilmike_mini_pan_V,
          nicolae_pan_sigil_obb, nicolae_pan_mnolegish_5, nicolae_pan_diamonds,
          pan_blood_fountain, grunt_pan_spiral, grunt_pan_frozen_over,
          nicolae_pan_diamonds, nicolae_pan_cerebovesque_2, evilmike_holy_pan,
          rand_demon_7, evilmike_mini_pan_3x3, grunt_pan_sceptre,
          pan_blood_fountain_2, grunt_pan_in_and_out, nicolae_pan_lom_lobonic_1,
          grunt_pan_sceptre, pan_blood_fountain_2, grunt_pan_pentagram,
          nicolae_pan_strange_glyphs, nicolae_pan_cerebovesque_1,
          nicolae_pan_door_chamber, nicolae_pan_gloorx_vloqian_3,
          evilmike_mini_pan_corridor
Bailey:   bailey_polearm_5, bailey
WizLab:   wizlab_lehudib

Table legend:
 A = Turns spent in this place as a percentage of turns spent in the entire game.
 B = Non-inter-level travel turns spent in this place as a percentage of non-inter-level travel turns spent in the entire game.
 C = Inter-level travel turns spent in this place as a percentage of turns spent in this place.
 D = Turns resting spent in this place as a percentage of non-inter-level travel turns spent in this place.
 E = Turns spent auto-exploring this place as a percentage of non-inter-level travel turns spent in this place.
 F = Non-inter-level travel turns spent in this place divided by the number of levels of this place that you've seen.
                   A       B       C       D       E      F
               +-------+-------+-------+-------+-------+----------------------
         Total | 100.0 | 100.0 |   0.7 |   5.9 |   7.0 | 467.1
       Dungeon |  18.1 |  18.0 |   1.1 |   3.8 |   9.6 | 449.5
        Temple |   0.1 |   0.1 |  13.0 |   0.0 |  55.0 |  20.0
          Lair |  11.1 |  11.1 |   1.1 |   5.2 |   6.4 | 516.5
         Swamp |   4.9 |   4.9 |   0.7 |   8.1 |   6.6 | 459.2
     Snake Pit |   7.3 |   7.3 |   0.9 |   6.3 |   8.7 | 678.0
    Slime Pits |   2.5 |   2.5 |   0.8 |   8.3 |   0.8 | 154.2
  Orcish Mines |   5.4 |   5.4 |   1.1 |   4.4 |   8.5 | 505.5
   Elven Halls |   3.3 |   3.3 |   0.7 |   6.8 |   9.3 | 406.3
        Vaults |  14.5 |  14.5 |   0.5 |   6.2 |   7.9 | 1087.0
         Crypt |   5.9 |   5.9 |   0.2 |   6.4 |   6.6 | 732.7
        Depths |   9.1 |   9.1 |   1.2 |   8.1 |   6.6 | 678.2
          Hell |   0.7 |   0.7 |   0.4 |   2.7 |  10.1 | 258.0
         Abyss |   2.8 |   2.8 |   0.0 |   5.3 |   0.5 | 353.7
   Pandemonium |  11.4 |  11.5 |   0.0 |   7.0 |   3.8 | 269.2
        Bailey |   0.6 |   0.6 |   0.0 |   8.2 |   0.4 | 233.0
        Wizlab |   2.3 |   2.3 |   0.0 |   4.3 |   3.7 | 875.0
               +-------+-------+-------+-------+-------+----------------------

Table legend:
 A = Kills in this place as a percentage of kills in entire the game.
 B = Kills by you in this place as a percentage of kills by you in the entire game.
 C = Kills by friends in this place as a percentage of kills by friends in the entire game.
 D = Other kills in this place as a percentage of other kills in the entire game.
 E = Experience gained in this place as a percentage of experience gained in the entire game.
 F = Experience gained in this place divided by the number of levels of this place that you have seen.
                   A       B       C       D       E      F
               +-------+-------+-------+-------+-------+----------------------
         Total | 100.0 | 100.0 | 100.0 | 100.0 | 100.0 | 23052.1
       Dungeon |  17.0 |  17.1 |   0.0 |   6.7 |   3.2 | 3960.6
          Lair |   9.0 |   9.1 |   0.0 |   0.0 |   3.9 | 9033.4
         Swamp |   5.0 |   4.7 |  38.5 |  33.3 |   4.4 | 20370.5
     Snake Pit |   6.1 |   6.2 |   0.0 |   0.0 |   6.4 | 29295.5
    Slime Pits |   3.0 |   3.1 |   0.0 |   0.0 |   4.2 | 12999.7
  Orcish Mines |   6.6 |   6.7 |   0.0 |   0.0 |   1.2 | 5696.5
   Elven Halls |   3.3 |   3.3 |   0.0 |   0.0 |   4.1 | 25220.3
        Vaults |  15.4 |  15.2 |  46.2 |  40.0 |  20.3 | 75025.6
         Crypt |   6.3 |   6.3 |   0.0 |   0.0 |   8.2 | 50201.0
        Depths |  10.9 |  11.0 |   0.0 |   0.0 |  18.5 | 68188.8
          Hell |   2.2 |   2.2 |   0.0 |   0.0 |   2.5 | 46538.0
         Abyss |   1.8 |   1.7 |   0.0 |  20.0 |   1.6 | 10022.3
   Pandemonium |  10.6 |  10.7 |  15.4 |   0.0 |  18.0 | 20762.2
        Bailey |   1.2 |   1.2 |   0.0 |   0.0 |   0.2 | 3510.0
        Wizlab |   1.5 |   1.5 |   0.0 |   0.0 |   3.2 | 58397.0
               +-------+-------+-------+-------+-------+----------------------
